AoeStats
← Giladren

MegaRandom

505396758Analyzed
1v1 RM · 22d ago on Sep 9, 2026· 59m 9s· 2 players
Game mode
Random Map
Map size
Tiny (2 player)
Population
200
Speed
Normal
Resources
Standard
Victory
Conquest
Starting age
Dark Age
Ending age
Imperial Age
RankedLock teamsTeams togetherTeam positionsShared explorationLock speedFull tech treeHidden civsTurbo modeCheats
Victory
Defeat
🇺🇸 Persians · United States
1008
+17
🇨🇿 Saracens · Czechia
1039
-17
Abyssalmole
13:20 Feudal Age
13:39 Loom
14:10 Double-Bit Axe
17:44 Castle Age
18:22 Scale Barding Armor
18:40 Bow Saw
19:02 Forging
20:33 Bloodlines
20:30 Horse Collar
21:58 Heavy Plow
27:12 Padded Archer Armor
27:03 Fletching
30:52 Kamandaran
32:42 Crossbowman
34:01 Bodkin Arrow
35:09 Thumb Ring
37:21 Wheelbarrow
37:21 Leather Archer Armor
38:56 Ballistics
40:03 Gold Mining
44:06 Imperial Age
42:25 Hand Cart
46:38 Conscription
49:19 Two-Man Saw
52:21 Ring Archer Armor
54:54 Chain Barding Armor
55:10 Iron Casting
55:42 Husbandry
55:03 Cavalier
57:37 Town Watch
59:24 Plate Barding Armor
59:50 Blast Furnace
59:46 Crop Rotation
Giladren
0:35 Loom
2:02 Loom
2:25 Loom
13:18 Feudal Age
14:09 Man-at-Arms
14:35 Arson
16:53 Scale Mail Armor
17:59 Double-Bit Axe
21:10 Castle Age
22:32 Squires
22:40 Fletching
27:31 Town Watch
33:44 Gold Mining
38:19 Imperial Age
39:18 Ballistics
39:41 Bodkin Arrow
40:37 Conscription
45:49 Elite Skirmisher
47:59 Bloodlines
53:25 Chemistry
52:47 Ballistics
53:08 Padded Archer Armor
Connection lost

Rejoining the realm…

Still unreachable

The connection could not be restored.

Session expired

The server has moved on; the page needs a fresh start.